 Dungeon Crawl Stone Soup version 0.24.0-125-gc4c63601f3 (webtiles) character file.

Game seed: 15965415000169032626, levelgen mode: deterministic

14 Descartes the Sneak (level 2, 0/13 HPs)
             Began as a Felid Wanderer on Feb 29, 2020.
             Slain by an adder (5 damage)
             ... on level 2 of the Dungeon.
             The game lasted 00:01:56 (1343 turns).

Descartes the Sneak (Felid Wanderer)                Turns: 1343, Time: 00:01:57

Health: 0/13       AC:  1    Str: 10    XL:     2   Next: 27%
Magic:  3/3        EV: 17    Int: 11    God:
Gold:   36         SH:  0    Dex: 15    Spells: 1/1 levels left
                                        Lives:  0   Deaths: 0

rFire    . . .     SeeInvis +     - Unarmed
rCold    . . .     Gourm    .   (shield unavailable)
rNeg     . . .     Faith    .   (armour unavailable)
rPois    .         Spirit   .   (helmet unavailable)
rElec    .         Reflect  .   (cloak unavailable)
rCorr    .         Harm     .   (gloves unavailable)
MR       .....                  (boots unavailable)
Stlth    +++.......             (no amulet)
HPRegen  0.04/turn              (no ring)
MPRegen  0.08/turn              (no ring)

@: lethally poisoned (0 -> -4), quick
A: very small, no armour, no weapons or thrown items, stealth, claws 1, fangs 3,
see invisible, carnivore, speed 1, shaggy fur 1, slow metabolism 1, sharp paws
a: no special abilities


You were on level 2 of the Dungeon.
You were very full.

You visited 1 branch of the dungeon, and saw 2 of its levels.

You collected 36 gold pieces.

Inventory:

Missiles
 f - 16 arrows
 g - 24 stones
Scrolls
 b - 2 scrolls of fear
 c - 2 scrolls of teleportation
 e - a scroll of enchant armour {unknown}
 h - 2 scrolls of remove curse {unknown}
 k - a scroll of identify {unknown}
 m - a scroll of fog {unknown}
Potions
 i - 4 potions of curing {unknown}
 j - a potion of might {unknown}
 l - 2 potions of agility {unknown}
Comestibles
 d - 4 rations


   Skills:
 + Level 2.2 Fighting
 + Level 1.8 Dodging
 + Level 4.2 Stealth
 * Level 3.3 Unarmed Combat
   Level 1.1 Evocations


You had one spell level left.
You didn't know any spells.
Your spell library was empty.

Dungeon Overview and Level Annotations

Branches:
Dungeon (2/15)

Altars:


Innate Abilities, Weirdness & Mutations

You cannot wear armour.
You are incapable of wielding weapons or throwing items.
Your paws allow you to move quietly. (Stealth)
You have sharp claws.
You have razor-sharp teeth.
You have supernaturally acute eyesight. (SInv)
You are carnivorous and can eat meat at any time.
You cover ground quickly.
You are covered in fur. (AC +1)
You have a slow metabolism.
Your sharp claws are effective at attacking unaware monsters.


Message History

The adder poisons you!
You completely miss the adder.
The adder is lightly wounded.
* * * LOW HITPOINT WARNING * * *
You feel sick. The adder completely misses you. The adder misses you.
You feel much better.
You feel sick. The adder bites you.
You barely miss the adder.
The adder is lightly wounded.
The adder closely misses you.
You miss the adder.
The adder is lightly wounded.
The adder misses you.
You closely miss the adder.
The adder is lightly wounded.
The adder barely misses you. The adder bites you.
You barely miss the adder. You bite the adder.
The adder is moderately wounded.
You feel sick. The adder bites you.
You die...

#<# #.# ###
#.# #.# #.#
#######.#.#
#.......#.#
#.# #.# #S#
#.# #@# #.#
#.# #.#
#.#######.#
#.........#
###########


You could see an adder.

Vanquished Creatures
  A dart slug (D:1)
  A giant cockroach (D:1)
  A goblin (D:1)
  2 hobgoblins (D:1)
  A bat (D:1)
  4 kobolds (D:1)
  A rat (D:2)
11 creatures vanquished.

Notes
Turn   | Place    | Note
-------+----------+-------------------------------------------
     0 | D:1      | Descartes the Felid Wanderer began the quest for the Orb.
     0 | D:1      | Descartes set off with the following items: a potion of
                  | heal wounds, a scroll of fear, 2 scrolls of teleportation,
                  | a ration
     0 | D:1      | Reached XP level 1. HP: 9/9 MP: 2/2
   830 | D:1      | Reached XP level 2. HP: 10/13 MP: 3/3
  1343 | D:2      | Slain by an adder

Levels and vault maps discovered:
D:1:      dpeg_arrival_ternary, layout_basic, minmay_pentomino_u4
D:2:      layout_basic, first_ration

Action                   || total
-------------------------++-------
Melee: Unarmed           ||    34
       Bite              ||     1
  Use: Potion            ||     1
 Stab: Sleeping          ||     4
  Eat: Chunk             ||     7
Dodge: Dodged            ||    20
